 Dungeon Crawl Stone Soup version 0.24-a0-317-g5cb8de4 (webtiles) character file.

Game seed: 8122846490301505757

1 mhoghedin the Insei (level 1, -3/15 HPs)
             Began as a Demigod Transmuter on May 16, 2019.
             Slain by a hobgoblin
             ... wielding a +0 club
              (5 damage)
             ... on level 1 of the Dungeon.
             The game lasted 00:00:39 (89 turns).

mhoghedin the Insei (Demigod Transmuter)              Turns: 89, Time: 00:00:40

Health: -3/15      AC:  2    Str: 13    XL:     1   Next: 13%
Magic:  4/5        EV: 12    Int: 17    God:
Gold:   13         SH:  0    Dex: 16    Spells: 2/3 levels left

rFire    . . .     SeeInvis .   e - +0 hand axe
rCold    . . .     Gourm    .   (no shield)
rNeg     . . .     Faith    .   b - +0 robe
rPois    .         Spirit   .   (no helmet)
rElec    .         Reflect  .   (no cloak)
rCorr    .         Harm     .   (no gloves)
MR       .....                  (boots currently unavailable)
Stlth    +.........             (no amulet)
HPRegen  0.05/turn              (no ring)
MPRegen  0.09/turn              (no ring)

@: appendage (expiring)
A: talons 3, high mp 1
a: End Transformation


You were on level 1 of the Dungeon.
You were not hungry.
You had grown temporary talons.
You visited 1 branch of the dungeon, and saw 1 of its levels.

You collected 13 gold pieces.

Inventory:

Hand Weapons
 e - a +0 hand axe (weapon)
   (You found it on level 1 of the Dungeon)
 f - a +0 hunting sling
   (You found it on level 1 of the Dungeon)
Missiles
 a - 12 arrows
 i - 4 atropa-tipped darts (quivered)
Armour
 b - a +0 robe (worn)
Jewellery
 c - a +4 ring of dexterity {unknown}
   (You found it on level 1 of the Dungeon)
Scrolls
 g - a scroll of identify {unknown}
Comestibles
 d - a ration


   Skills:
 - Level 0.8 Fighting
 - Level 1.7 Dodging
 + Level 2.8 Unarmed Combat
 - Level 1.7 Spellcasting
 - Level 1.7 Transmutations


You had 2 spell levels left.
You knew the following spells:

 Your Spells              Type           Power        Failure   Level  Hunger
a - Beastly Appendage     Tmut           #.....       10%         1    #......

Your spell library contained the following spells:

 Spells                   Type           Power        Failure   Level  Hunger
 Sticks to Snakes         Tmut           #.......     14%         2    ###....
 Spider Form              Tmut/Pois      #.........   38%         3    ###....
 Ice Form                 Ice/Tmut       #.......     80%         4    #####..
 Blade Hands              Tmut           #.........   95%         5    ######.


Dungeon Overview and Level Annotations

Branches:
Dungeon (1/15)


Innate Abilities, Weirdness & Mutations

You have an increased reservoir of magic. (+10% MP)
You have claws for feet.


Message History

Welcome, mhoghedin the Demigod Transmuter.
Will you prevail where others failed? Will you find the Orb of Zot?
Found a club, a hand axe, a hunting sling, 13 gold pieces and a golden ring.
Found a staircase leading out of the dungeon.
There are no items here.
c - a golden ring You now have 13 gold pieces.
e - a hand axe
f - a hunting sling Wield which item (- for none, * to show all)? (? for menu, Esc to quit)
e - a +0 hand axe (weapon)
g - a scroll labeled ECLAKH RIENT A rat and a goblin come into view.
You hit the rat.
You kill the rat!
No target in view!
No target in view!
No target in view!
No target in view!
No target in view!
You see here 4 javelins.
h - 4 javelins A goblin comes into view.
It is wielding a +0 dagger.
Found a stone staircase leading down.
The goblin shouts!
Throwing (i - inventory)
h - 4 javelins (quivered)
Aim: a goblin, wielding a +0 dagger You throw a javelin.
The javelin pierces through the goblin!
You kill the goblin!
A hobgoblin comes into view. It is wielding a +0 club.
The hobgoblin shouts!
You see here 5 atropa-tipped darts.
i - 5 atropa-tipped darts Throwing (i - inventory. (/) - cycle)
h - 3 javelins (quivered)
Aim: a hobgoblin, wielding a +0 club You throw a javelin.
The javelin pierces through the hobgoblin.
The hobgoblin hits you with a +0 club.
You take 1 damage, and have 14/15 hp.
You barely miss the hobgoblin. The hobgoblin hits you with a +0 club.
You take 3 damage, and have 11/15 hp.
You hit the hobgoblin but do no damage. The hobgoblin hits you with a +0 club.
The hobgoblin hits you but does no damage.
You take 4 damage, and have 7/15 hp.
MASSIVE DAMAGE!!
Throwing (i - inventory. (/) - cycle)
h - 2 javelins (quivered)
Aim: a hobgoblin, wielding a +0 club (heavily wounded)
You throw a javelin.
The javelin barely misses the hobgoblin.
The hobgoblin hits you with a +0 club.
* * * LOW HITPOINT WARNING * * *
You take 3 damage, and have 4/15 hp.
Unknown command.
Throwing (i - inventory. (/) - cycle)
h - a javelin (quivered)
Aim: a hobgoblin, wielding a +0 club (heavily wounded)
You throw a javelin.
The javelin pierces through the hobgoblin.
The hobgoblin hits you with a +0 club.
* * * LOW HITPOINT WARNING * * *
You take 2 damage, and have 2/15 hp.
Unknown command.
Throwing (i - inventory)
i - 5 atropa-tipped darts (quivered)
Aim: a hobgoblin, wielding a +0 club (severely wounded, chance to blind on hit: 100%)
You throw an atropa-tipped dart.
The atropa-tipped dart hits the hobgoblin.
The hobgoblin appears confused.
You barely miss the hobgoblin.
The hobgoblin seems less confused.
The hobgoblin barely misses you.
You barely miss the hobgoblin.
Quiver which item? (- for none, * to show all) (? for menu, Esc to quit)
Okay, then.
Unknown command.
Your feet morph into talons.
The hobgoblin is no longer blind.
You now have 4/5 mp.
Your transformation is almost over.
The hobgoblin hits you with a +0 club.
You die...

≈≈≈............## ##.#
≈≈..........†...# ####.?..
≈≈≈.............###....?.
≈≈.....................#
≈≈≈.................#..###
≈≈..###..............(....
#### ####.............###
###.......$##.####
..........@(.......(#
#.......#.g.#.#.>......
#g#####.#..##.#.#.#.### .
#.#).##.....# #
#.#(.####.#!# #.#..# ..#.#
#.#### ..# # ...


You could see a hobgoblin.

Vanquished Creatures
  A goblin (D:1)
  A rat (D:1)
2 creatures vanquished.

Notes
Turn   | Place    | Note
-------+----------+-------------------------------------------
     0 | D:1      | mhoghedin the Demigod Transmuter began the quest for the
                  | Orb.
     0 | D:1      | Reached XP level 1. HP: 15/15 MP: 5/5
    78 | D:1      | HP: 2/15 [hobgoblin/+0 club (2)]
    89 | D:1      | Slain by a hobgoblin

Levels and vault maps discovered:
D:1:      nicolae_arrival_washed_ashore, layout_basic

Action                   || total
-------------------------++-------
Melee: Hand axe          ||     5
Throw: Javelin           ||     4
       Dart              ||     1
 Cast: Beastly Appendage ||     1
Armor: Robe              ||     1
Dodge: Dodged            ||     1

Table legend:
 A = Non-vault XP
 B = Vault XP
 C = Vault XP percentage of total XP
 D = Non-vault monster count
 E = Vault monster count
 F = Vault count percentage of total count
                 A         B        C        D         E       F
            +---------+---------+-------+---------+---------+-------
      Total |       2 |       0 |   0.0 |       2 |       0 |   0.0
            +---------+---------+-------+---------+---------+-------
        D:1 |       2 |       0 |   0.0 |       2 |       0 |   0.0
            +---------+---------+-------+---------+---------+-------

Levels and vault maps discovered:
D:1:      nicolae_arrival_washed_ashore, layout_basic

Table legend:
 A = Turns spent in this place as a percentage of turns spent in the entire game.
 B = Non-inter-level travel turns spent in this place as a percentage of non-inter-level travel turns spent in the entire game.
 C = Inter-level travel turns spent in this place as a percentage of turns spent in this place.
 D = Turns resting spent in this place as a percentage of non-inter-level travel turns spent in this place.
 E = Turns spent auto-exploring this place as a percentage of non-inter-level travel turns spent in this place.
 F = Non-inter-level travel turns spent in this place divided by the number of levels of this place that you've seen.
                   A       B       C       D       E      F
               +-------+-------+-------+-------+-------+----------------------
         Total | 100.0 | 100.0 |   0.0 |   0.0 |  22.5 |  89.0
       Dungeon | 100.0 | 100.0 |   0.0 |   0.0 |  22.5 |  89.0
               +-------+-------+-------+-------+-------+----------------------

Table legend:
 A = Kills in this place as a percentage of kills in entire the game.
 B = Kills by you in this place as a percentage of kills by you in the entire game.
 C = Kills by friends in this place as a percentage of kills by friends in the entire game.
 D = Other kills in this place as a percentage of other kills in the entire game.
 E = Experience gained in this place as a percentage of experience gained in the entire game.
 F = Experience gained in this place divided by the number of levels of this place that you have seen.
                   A       B       C       D       E      F
               +-------+-------+-------+-------+-------+----------------------
         Total | 100.0 | 100.0 |   N/A |   N/A | 100.0 |   2.0
       Dungeon | 100.0 | 100.0 |   N/A |   N/A | 100.0 |   2.0
               +-------+-------+-------+-------+-------+----------------------
